 Dungeon Crawl Stone Soup version 0.32-a0-975-g85d4e5bfdb (webtiles) character file.

Game seed: 1124410184759161818

12 Maxmaps the Ruffian (level 2, -1/22 HPs)
             Began as a Demonspawn Shapeshifter on Apr 19, 2024.
             Slain by a kobold
             ... wielding a +0 whip of distortion
              (16 damage)
             ... on level 1 of the Dungeon.
             The game lasted 00:00:18 (203 turns).

Maxmaps the Ruffian (Demonspawn Shapeshifter)        Turns: 203, Time: 00:00:18

Health: -1/22      AC:  2    Str: 14    XL:     2   Next: 20%
Magic:  2/2        EV: 11    Int: 10    God:
Gold:   24         SH:  0    Dex: 12    Spells: 1/1 levels left

rFire   . .          .
                       - Unarmed
rCold   . . .        (no shield)
rNeg    . . .        a - +0 animal skin
rPois   .            (helmet currently unavailable)
rElec   .            (cloak currently unavailable)
rCorr   .            (gloves currently unavailable)
SInv    .            (boots currently unavailable)
Will    .....        (no amulet)
Stlth   +            (no ring)
HPRegen 0.23/turn    (no ring)
MPRegen 0.08/turn

%: no passive effects
@: beast-form
A: beast (slay +1), hooves 1
a: Begin Untransformation


You were on level 1 of the Dungeon.
You were a hulking beast.
You visited 1 branch of the dungeon, and saw 1 of its levels.

You collected 24 gold pieces.

Inventory:

Armour
 a - a +0 animal skin (worn)
Talismans
 c - a beast talisman (active)
 d - a flux talisman
Scrolls
 h - a scroll of identify {unknown}
Potions
 b - a potion of lignification
 e - a potion of curing {unknown}
 f - a potion of attraction {unknown}
 g - a potion of ambrosia {unknown}


   Skills:
 + Level 2.3 Fighting
 - Level 1.7 Dodging
 - Level 2.6 Unarmed Combat
 - Level 2.6 Shapeshifting


You had one spell level left.
You didn't know any spells.
Your spell library was empty.

Dungeon Overview and Level Annotations

Branches:
Dungeon (1/15)

Altars:


Innate Abilities, Weirdness & Mutations

You are a hulking beast.
Your limbs bulge with bestial killing power. (Slay +1)
You have large cloven feet.


Message History

No target in view!
No target in view!
No target in view!
No target in view!
No target in view!
No target in view!
Found a leather armour.
No target in view!
h - a scroll labelled TIC ITIOTEJOF
There is a stone staircase leading down here.
You now have 24 gold pieces (gained 13).
You see here a +0 leather armour.
You see here a staff of death.
No target in view!
A rat comes into view.
The rat squeaks loudly.
You hear a shout!
The rat moves out of view.
No target in view!
No target in view!
No target in view!
No target in view!
No target in view!
No target in view!
No target in view!
A hobgoblin and a kobold come into view.
The kobold is wielding a +0 whip of distortion.
Found a ring mail.
The hobgoblin shouts!
The kobold shouts!
An endoplasm comes into view.
Found a stone staircase leading down.
The hobgoblin hits you.
You see here 6 gold pieces.
The endoplasm quivers.
You hit the hobgoblin. You kick the hobgoblin.
You kill the hobgoblin!
You closely miss the kobold. You punch the kobold, but do no damage.
The kobold hits you with a +0 whip of distortion.
Space warps horribly around you!
Ouch! That really hurt!
You die...

###.##.........#
.............[##
#..............#
...#####.....|.#
.## #.......# .
##......###
##...#...#
#######.## #h.#
##K#


rJ. ..... ....... ....[.. #.>...# ...... You could see an endoplasm, a kobold
and a rat.

Vanquished Creatures
  A dart slug (D:1)
  2 bats (D:1)
  An endoplasm (D:1)
  2 hobgoblins (D:1)
  A quokka (D:1)
  A frilled lizard (D:1)
  A kobold (D:1)
9 creatures vanquished.

Notes
Turn   | Place    | Note
-------+----------+-------------------------------------------
     0 | D:1      | Maxmaps the Demonspawn Shapeshifter began the quest for the
                  | Orb.
     0 | D:1      | Reached XP level 1. HP: 15/15 MP: 1/1
   127 | D:1      | Gained mutation: You have large cloven feet. [demonic
                  | ancestry]
   127 | D:1      | Reached XP level 2. HP: 22/22 MP: 2/2
   203 | D:1      | Slain by a kobold

Illustrated notes

Levels and vault maps discovered:
D:1:      onia_arrival_pyramid, layout_rooms

Skill      XL: |  1 |
---------------+----+-----
Fighting       | 2 |  2.3
Dodging        | |  1.7
Unarmed Combat | |  2.6
Shapeshifting  | |  2.6

Action                     || total
---------------------------++-------
  Melee: Unarmed           ||    22
         Kick              ||     1
         Punch             ||     1
   Stab: Sleeping          ||     1
 Armour: Animal skin       ||    12
  Dodge: Dodged            ||     8

Table legend: (Time is in decaauts)
 A = Elapsed time spent in this place.
 B = Non-inter-level travel time spent in this place.
 C = Inter-level travel time spent in this place.
 D = Time resting spent in this place.
 E = Time spent auto-exploring this place.
 F = Levels seen in this place.
 G = Mean time per level.
                   A        B        C        D        E       F      G
               +--------+--------+--------+--------+--------+-----+--------+
         Total |    201 |    201 |      0 |      4 |    147 |   1 |  201.0 |
       Dungeon |    201 |    201 |      0 |      4 |    147 |   1 |  201.0 |
               +--------+--------+--------+--------+--------+-----+--------+

Top non-repeatable levels by time:
     D:1: 201 daAuts
